Description

TEST BUILD.

Generated with CarbonTwelve's Starcraft Fusion.

Build Order

Get SALT Encoding   

  13  0:02  SCV  
  14  0:14  SCV  
  14  0:17  Supply Depot  
  15  0:27  SCV  
  16  0:39  SCV  
  16  0:41  Barracks  
  17  0:51  SCV, Refinery  
  18  1:04  SCV  
  18  1:13  Action, Refinery (Move SCVs to Gas)  
  19  1:16  SCV  
  20  1:28  SCV  
  20  1:34  Action (Move SCVs to Gas)  
  21  1:40  SCV, Command Center  
  22  1:42  Marine  
  23  2:00  Supply Depot, Marine  
  23  2:06  Orbital Command  
  23  2:18  Factory  
  23  2:32  Action, Barracks (Call MULE)  
  24  2:35  SCV  
  25  2:48  SCV  
  26  2:53  SCV, Barracks Tech Lab  
  27  3:00  SCV  
  28  3:05  SCV, Armory  
  29  3:12  Orbital Command  
  29  3:17  SCV, Stimpack  
  29  3:20  Barracks Reactor  
  30  3:28  SCV  
  30  3:30  Factory Tech Lab, Starport  
  30  3:37  Action (Call MULE)  
  32  3:43  SCV x2, Action (Call MULE)  
  32  3:50  Barracks  
  38  3:55  SCV x2, Thor  
  40  3:59  Supply Depot  
  43  4:02  Marine x3  
  45  4:08  SCV x2  
  45  4:11  Supply Depot  
  45  4:16  Supply Depot  
  50  4:21  Medivac, Marine x3  
  56  4:38  Thor  
  60  4:40  Marine x4  
  60  4:42  Action (Call MULE)  
  61  4:48  SCV, Action (Call MULE)  
  64  4:56  SCV, Medivac  
  69  5:00  SCV, Marine x4  
  70  5:09  SCV  
Spawning Tool Build Advisor. Get it on Overwolf

Analysis

What we must have by 05:30 is as follows.

Income: 1800M 228G

Buildings: 2 Orbital Commands, 2 Refineries, 5 Supply Depots, 3 Barracks (with 1 Tech Lab and 1 Reactor), 1 Factory (with Tech Lab), 1 Starport, 1 Armory.

Units: 38 SCVs, 16 Marines, 2 Thors, 2 Medivacs.

Research: Stimpack (completed).

Go to:

Details

  • Created by: Turir
  • Published on: Feb 27, 2017
  • Modified on: Apr 11, 2017
  • Patch: 3.8.0
Show
View Real Time Build Order
Export as new Build Order

Comments (0)

There are no comments. Be the first!

Create an account to comment!